 Dungeon Crawl Stone Soup version 0.19.5 (webtiles) character file.

35 tidbits the Shooter (level 3, 2/23 HPs)
             Began as a High Elf Wanderer on Aug 8, 2017.
             Quit the game on level 2 of the Dungeon.
             The game lasted 00:03:48 (407 turns).

tidbits the Shooter (High Elf Wanderer)              Turns: 407, Time: 00:03:49

Health: 2/23       AC:  6    Str: 12    XL:     3   Next: 17%
Magic:  7/7        EV:  8    Int: 17    God:
Gold:   46         SH:  0    Dex: 16    Spells: 0 memorised, 6 levels left

rFire  . . .     SeeInvis .     a - +0 dagger (elec)
rCold  . . .     Gourm    .     B - +0 scale mail
rNeg   . . .     Faith    .     (no shield)
rPois  .         Spirit   .     (no helmet)
rElec  .         Reflect  .     (no cloak)
rCorr  +         Harm     .     (no gloves)
MR     .....                    (no boots)
Stlth  ..........               (no amulet)
                                m - +3 ring of intelligence (curse)
                                K - ring of resist corrosion

@: lethally poisoned (2 -> -1), exhausted, slowed, very slow
A: no striking features
a: no special abilities


You were on level 2 of the Dungeon.
You were not hungry.

You visited 1 branch of the dungeon, and saw 3 of its levels.

You collected 46 gold pieces.

Inventory:

Hand Weapons
 a - a +0 dagger of electrocution (weapon)
   (You took it off a goblin on level 1 of the Dungeon)
 b - a +0 shortbow
 e - a +0 blowgun
Missiles
 c - 48 arrows
 d - 11 poisoned needles
 k - 36 stones (quivered)
 u - 10 bolts
Armour
 f - a +0 robe
 l - a +0 ring mail
   (You found it on level 1 of the Dungeon)
 B - a +0 scale mail (worn)
   (You found it on level 1 of the Dungeon)
Jewellery
 m - a cursed +3 ring of intelligence (right hand)
   (You found it on level 1 of the Dungeon)
 K - a ring of resist corrosion (left hand)
   (You found it on level 1 of the Dungeon)
Wands
 h - a wand of flame (15/48)
Scrolls
 i - a scroll of magic mapping
 j - a scroll of immolation {unknown}
 o - a scroll of teleportation {unknown}
 p - a scroll of remove curse {unknown}
 r - 2 scrolls of random uselessness
 s - a scroll of enchant weapon {unknown}
 t - a scroll of fear {unknown}
Comestibles
 g - a bread ration


   Skills:
 - Level 1.0 Fighting
 + Level 4.9 Bows
 - Level 1.0 Throwing
 - Level 2.4 Spellcasting
   Level 1.5 Necromancy
   Level 1.0 Poison Magic
 - Level 1.0 Evocations


You had 6 spell levels left.
You didn't know any spells.

Dungeon Overview and Level Annotations

Branches:
Dungeon (3/15)

Altars:


Message History

Press: ? - help, Shift-Dir - straight line, f - bat
Aim: a bat You shoot an arrow.
The arrow hits the bat but does no damage.
Firing (i - inventory. (,) - cycle):
c - 47 arrows (quivered)
Press: ? - help, Shift-Dir - straight line, f/p - bat
Aim: a bat You shoot an arrow.
The arrow hits the bat!
You kill the bat!
Found 10 gold pieces.
c - 47 arrows (gained 1)
Found a robe.
A kobold comes into view.
The kobold shouts!
The kobold throws a stone.
The stone closely misses you.
Found 10 bolts.
Things that are here:
a stone; an arrow Firing (i - inventory. (,) - cycle):
c - 47 arrows (quivered)
Press: ? - help, Shift-Dir - straight line, f - kobold
Aim: a kobold You shoot an arrow.
The arrow hits the kobold.
You kill the kobold!
c - 47 arrows (gained 1);
k - 36 stones (gained 1)
t - a scroll labeled MOPNESEAST You see here 10 bolts.
u - 10 bolts
c - 48 arrows (gained 1)
You now have 46 gold pieces (gained 10).
There is a stone staircase leading down here.
You climb downwards.
An adder comes into view.
Found 6 gold pieces.
There is a stone staircase leading up here.
You hear the crackle of electricity.
a - a +0 dagger of electrocution (weapon)
You miss the adder. The adder bites you. x2
You barely miss the adder. The adder bites you but does no damage.
You hit the adder but do no damage.
There is a sudden explosion of sparks!
The adder is almost dead.
The adder bites you.
You are poisoned.
The adder poisons you!
You hit the adder but do no damage.
The adder is almost dead.
You feel sick. The adder closely misses you. The adder bites you.
* * * LOW HITPOINT WARNING * * *
You hit the adder but do no damage.
The adder is almost dead.
You feel sick. The adder bites you.
* * * LOW HITPOINT WARNING * * *
You are more poisoned.
The adder poisons you!
You hit the adder but do no damage.
The adder is almost dead.
The adder bites you but does no damage.
You hit the adder.
There is a sudden explosion of sparks!
You kill the adder!
You have reached level 3!
Your experience leads to an increase in your attributes!
Your base attributes are Str 11, Int 13, Dex 16.
Increase (S)trength, (I)ntelligence, or (D)exterity?
You feel stronger.
You feel clever.
* * * LOW HITPOINT WARNING * * *
You feel sick.
Unknown command.
It was a potion of berserk rage.
A red film seems to cover your vision as you go berserk!
You feel yourself moving faster!
You feel mighty!
You feel sick.
You swing at nothing.
You feel a strong urge to attack something.
You swing at nothing.
You swing at nothing.
You feel your anger subside.
You feel sick.
You swing at nothing.
You are no longer berserk.
You are exhausted.
You feel yourself slow down.
* * * LOW HITPOINT WARNING * * *
You feel sick.
There is a stone staircase leading up here.
* * * LOW HITPOINT WARNING * * *
You feel sick.
You climb upwards.
There is a stone staircase leading down here.
* * * LOW HITPOINT WARNING * * *
You feel sick.
You aren't carrying any potions.
Unknown command.
As you read the scroll labeled TAUHAL GEMA JUG, it crumbles to dust.
It is a scroll of identify.
r - 2 scrolls of random uselessness
As you read the scroll of identify, it crumbles to dust.
i - a scroll of magic mapping
* * * LOW HITPOINT WARNING * * *
You feel sick.
Okay, then.
Unknown command.
Are you sure you want to abandon this character and quit the game? (Confirm with "yes".)

#############
##.....#.....##
##.............##
#####...[...........#
....................#
#####...............#
#...........>...#
#..........@....#
#................#
#.#.............##..
...##................
..###............###..
. .. ...####..#...## #
.. #######.....#.# #.#
#..........# #.#
###.#.†......#


There were no monsters in sight!

Vanquished Creatures
  An adder (D:3)
  A worm (D:2)
  2 dart slugs (D:1)
  A ball python (D:2)
  A bat (D:2)
  4 goblins
  A hobgoblin (D:2)
  4 kobolds
  5 rats (D:1)
20 creatures vanquished.

Notes
Turn   | Place    | Note
-------+----------+-------------------------------------------
     0 | D:1      | tidbits the High Elf Wanderer began the quest for the Orb.
     0 | D:1      | tidbits set off with: a wand of flame (15/48), a +0 shortbow, 31 arrows, 11 poisoned needles, a +0 blowgun, a +0 robe, a bread ration
     0 | D:1      | Reached XP level 1. HP: 13/13 MP: 4/4
    37 | D:1      | Reached skill level 3 in Bows
   128 | D:1      | Reached XP level 2. HP: 14/18 MP: 6/6
   249 | D:1      | Reached skill level 4 in Bows
   395 | D:3      | Reached XP level 3. HP: 7/23 MP: 7/7
   406 | D:2      | HP: 2/23 [poisoned by an adder]
   407 | D:2      | Quit the game

Skill      XL: |  1  2 |
---------------+-------+-----
Bows           | 3 4 |  4.9
Fighting       | |  1.0
Throwing       | |  1.0
Spellcasting   | |  2.4
Necromancy     | |  1.5
Poison Magic   | |  1.0
Evocations     | |  1.0

Action                   || total
-------------------------++-------
Melee: Dagger            ||    19
 Fire: Shortbow          ||    36
  Use: Scroll            ||     2
       Potion            ||     1
Armor: Scale mail        ||     6
Dodge: Dodged            ||     8

Table legend:
 A = Turns spent in this place as a percentage of turns spent in the entire game.
 B = Non-inter-level travel turns spent in this place as a percentage of non-inter-level travel turns spent in the entire game.
 C = Inter-level travel turns spent in this place as a percentage of turns spent in this place.
 D = Turns resting spent in this place as a percentage of non-inter-level travel turns spent in this place.
 E = Turns spent auto-exploring this place as a percentage of non-inter-level travel turns spent in this place.
 F = Non-inter-level travel turns spent in this place divided by the number of levels of this place that you've seen.
                   A       B       C       D       E      F
               +-------+-------+-------+-------+-------+----------------------
         Total | 100.0 | 100.0 |   0.3 |   0.0 |   0.0 | 116.0
       Dungeon | 100.0 | 100.0 |   0.3 |   0.0 |   0.0 | 116.0
               +-------+-------+-------+-------+-------+----------------------

Table legend:
 A = Kills in this place as a percentage of kills in entire the game.
 B = Kills by you in this place as a percentage of kills by you in the entire game.
 C = Kills by friends in this place as a percentage of kills by friends in the entire game.
 D = Other kills in this place as a percentage of other kills in the entire game.
 E = Experience gained in this place as a percentage of experience gained in the entire game.
 F = Experience gained in this place divided by the number of levels of this place that you have seen.
                   A       B       C       D       E      F
               +-------+-------+-------+-------+-------+----------------------
         Total | 100.0 | 100.0 |  -nan |  -nan | 100.0 |  17.0
       Dungeon | 100.0 | 100.0 |  -nan |  -nan | 100.0 |  17.0
               +-------+-------+-------+-------+-------+----------------------

Vault maps used:
D:1:      matt_arrival_diagonals
D:2:      first_bread
D:3:      minmay_misc_feat_rows
